Map: Blackburn LE

Players

LegolandMan

  • Race: Protoss Protoss
  • League: Platinum
  • Spawn Location: 5:00

Pumba - Winner!

  • Race: Protoss Protoss
  • League: Platinum
  • Spawn Location: 7:00

VOD

Have the link to the VOD?

Description

Time

  • Played on: Feb. 8, 2022, 9:45 p.m.
  • Length: 7:53
Show
View Real Time Build Order
Export as new Build Order

LegolandMan Protoss 

Build Orders:  

Get SALT Encoding   

  12  0:00  Probe  
  13  0:16  Pylon  
  13  0:27  Probe  
  14  0:42  Gateway  
  14  0:43  Assimilator  
  14  0:45  Probe (Chrono Boost)  
  15  0:50  Probe (Chrono Boost)  
  16  0:59  Probe  
  17  1:11  Probe  
  17  1:15  Gateway  
  18  1:18  Assimilator  
  18  1:23  Probe  
  19  1:35  Probe (Chrono Boost)  
  20  1:40  Pylon  
  21  1:47  Probe (Chrono Boost)  
  21  1:49  Assimilator  
  21  1:58  Cybernetics Core  
  21  2:02  Probe  
  22  2:14  Probe  
  23  2:27  Zealot x2  
  27  2:30  Warp Gate (Chrono Boost)  
  27  2:39  Gateway  
  27  2:52  Pylon, Probe  
  28  3:03  Stalker  
  30  3:10  Stalker  
  30  3:11  Pylon  
  32  3:13  Gateway  
  32  3:20  Probe  
  33  3:52  Shield Battery  
  32  4:15  Stalker  
  32  4:16  Stalker x3  
  36  4:40  Stalker x4  
  40  5:04  Zealot x3  
  46  5:19  Nexus  
  44  5:51  Pylon  
  44  5:59  Zealot  
  44  6:00  Pylon  
  46  6:28  Probe (Chrono Boost)  
  47  6:35  Nexus  
  47  6:37  Probe (Chrono Boost)  
  42  6:42  Probe (Chrono Boost)  
  41  6:48  Pylon  
  41  6:52  Probe  
  42  6:54  Probe  
  42  7:04  Probe  
  42  7:06  Probe  
  44  7:16  Probe  
  44  7:18  Probe  
  44  7:23  Stargate  
  44  7:28  Probe  
  43  7:30  Probe  
  43  7:34  Stalker x2  
  45  7:40  Probe  
Show
View Real Time Build Order
Export as new Build Order

Pumba Protoss - Winner!

Build Orders: 1 Gate Expand 

Get SALT Encoding   

  12  0:00  Probe  
  13  0:12  Probe  
  14  0:21  Pylon  
  14  0:25  Probe  
  15  0:39  Probe  
  16  0:43  Gateway  
  16  0:51  Probe (Chrono Boost)  
  16  0:53  Assimilator  
  17  1:01  Assimilator  
  17  1:02  Probe (Chrono Boost)  
  18  1:06  Probe (Chrono Boost)  
  19  1:18  Probe  
  20  1:27  Nexus  
  20  1:38  Cybernetics Core  
  20  1:40  Probe  
  21  1:53  Pylon  
  21  1:56  Probe  
  22  2:09  Assimilator  
  22  2:10  Zealot (Chrono Boost)  
  22  2:15  Probe  
  25  2:17  Assimilator  
  25  2:27  Probe  
  26  2:33  Warp Gate  
  26  2:34  Stalker  
  28  2:39  Probe  
  28  2:40  Probe  
  28  2:44  Robotics Facility  
  30  2:52  Probe  
  31  3:02  Gateway  
  31  3:04  Shield Battery  
  31  3:12  Stalker  
  33  3:13  Probe x2  
  35  3:25  Probe  
  36  3:34  Immortal (Chrono Boost)  
  36  3:40  Probe x2  
  42  3:42  Pylon  
  42  3:48  Stalker  
  44  4:13  Immortal (Chrono Boost)  
  46  4:17  Probe x2  
  46  4:22  Pylon  
  46  4:29  Stalker  
  46  4:30  Stalker  
  46  4:31  Probe x2  
  52  4:36  Robotics Bay  
  52  4:40  Gateway  
  52  4:43  Probe  
  53  4:46  Observer (Chrono Boost), Pylon  
  53  4:51  Probe  
  55  4:53  Shield Battery  
  55  4:58  Probe  
  56  5:03  Probe  
  57  5:07  Immortal  
  57  5:10  Probe  
  57  5:13  Pylon  
  62  5:23  Zealot  
  62  5:24  Zealot  
  62  5:27  Probe  
  67  5:29  Assimilator  
  67  5:32  Robotics Facility  
  68  5:42  Probe  
  68  5:47  Observer  
  68  5:51  Probe  
  68  5:52  Gateway  
  68  5:54  Gateway  
  68  5:56  Gateway  
  69  5:58  Disruptor (Chrono Boost)  
  72  6:14  Stalker x2  
  74  6:20  Probe  
  74  6:22  Disruptor (Chrono Boost)  
  74  6:23  Pylon  
  74  6:25  Pylon  
  76  6:41  Disruptor  
  79  6:48  Stalker x4  
  79  6:50  Disruptor  
  90  7:17  Zealot x2  
  94  7:24  Pylon  
  94  7:25  Pylon  
  94  7:28  Pylon  
  94  7:31  Pylon  
  94  7:42  Pylon  
Tags
 
Add a new tag
Caveats
  • Supply blocks, unpowered buildings, or Contaminate may cause inaccurate times.
  • Supply counts are checked every 10 seconds.